 Dungeon Crawl Stone Soup version 0.20-a0-1101-g1de9d76 (webtiles) character file.

578218 Monsterracer the Conqueror (level 27, -12/199 HPs)
             Began as a Gargoyle Fighter on May 4, 2017.
             Was a Believer of the Shining One.
             Mangled by an acid blob (20 damage)
             ... created by the Royal Jelly
             ... on level 5 of the Pits of Slime.
             The game lasted 04:47:47 (77455 turns).

Monsterracer the Conqueror (Gargoyle Fighter)      Turns: 77455, Time: 04:47:48

Health: -12/199    AC: 16    Str: 43    XL:     27
Magic:  34/36      EV: 22    Int: 21    God:    the Shining One [**....]
Gold:   4133       SH: 19    Dex: 21    Spells: 13/44 levels left

rFire    + + .     SeeInvis .   Q - +4 morningstar "Tobongiet" {crush, rElec rF+}
rCold    + + .     Gourm    +   G - +2 shield {reflect}
rNeg     + + +     Faith    .   r - +4 chain mail "Osuyxt" {rC+ Str+5 Int+3 Stlth-}
rPois    ∞         Spirit   .   A - +0 hat of Fuvukea {rF+ MR+}
rElec    +         Reflect  +   c - +0 cloak of Boenuil {Str+7}
rCorr    +         Harm     .   O - +2 pair of gloves {Dex+3}
MR       ++++.                  N - +2 pair of boots {Stlth+}
Stlth    ..........             z - amulet "Tujip" {Gourm rElec rC+}
Regen    0.5/turn               q - ring "Atzu" {rN+ MR+ Str+2 Int+3}
MPRegen  0.3/turn               v - ring "Buimp" {rCorr rElec Int+4 Slay+2}

@: mighty, corroded, flying, slowed, glowing, very slow
A: big wings, hooves 1, negative energy resistance 1, electricity resistance,
strong 1, unbreathing, petrification resistance, rot immunity, AC +20
}: 3/15 runes: serpentine, barnacled, silver
a: Stop Flying, Divine Shield, Renounce Religion


You were on level 5 of the Pits of Slime.
You worshipped the Shining One.
The Shining One was pleased with you.
You were not hungry.

You visited 10 branches of the dungeon, and saw 49 of its levels.
You also visited: Labyrinth, Ice Cave and Volcano.

You collected 6601 gold pieces.
You spent 2468 gold pieces at shops.

Inventory:

Hand Weapons
 b - the +10 triple crossbow of Interdependent Arising {penet, Int+2}
   (Okawaru gifted it to you on level 2 of the Snake Pit)

   Ammo fired by it will pass through the targets it hits, potentially hitting
   all targets in its path until it reaches maximum range.
   It affects your intelligence (+2).
 K - a +2 demon whip of draining
 Q - the +4 morningstar "Tobongiet" (weapon) {crush, rElec rF+}
   (You bought it in a shop on level 2 of the Orcish Mines)

   It inflicts extra damage upon your enemies.
   It protects you from fire.
   It insulates you from electricity.
Missiles
 j - 2039 bolts
Armour
 c - the +0 cloak of Boenuil (worn) {Str+7}
   (Okawaru gifted it to you on level 4 of the Vaults)

   It affects your strength (+7).
 r - the +4 chain mail "Osuyxt" (worn) {rC+ Str+5 Int+3 Stlth-}
   (You found it on level 3 of the Depths)

   It affects your strength (+5).
   It affects your intelligence (+3).
   It protects you from cold.
   It makes you less stealthy.
 x - the +8 fire dragon scales of Summer {+Inv rF++ rC- rCorr}
   (You took it off a vault warden on level 5 of the Vaults)

   It greatly protects you from fire.
   It makes you vulnerable to cold.
   It lets you turn invisible.
   It protects you from acid and corrosion.
 A - the +0 hat of Fuvukea (worn) {rF+ MR+}
   (Okawaru gifted it to you on level 4 of the Shoals)

   It protects you from fire.
   It affects your resistance to hostile enchantments.
 G - a +2 shield of reflection (worn)
 N - a +2 pair of boots of stealth (worn)
 O - a +2 pair of gloves of dexterity (worn)
 V - the +9 plate armour of Supple Strength {rF+}
   (You found it on level 5 of the Depths)

   It protects you from fire.
Jewellery
 q - the ring "Atzu" (left hand) {rN+ MR+ Str+2 Int+3}
   (You found it on level 6 of the Lair of Beasts)

   [ring of intelligence]

   It affects your strength (+2).
   It affects your intelligence (+3).
   It protects you from negative energy.
   It affects your resistance to hostile enchantments.
 v - the ring "Buimp" (right hand) {rCorr rElec Int+4 Slay+2}
   (You took it off a vault sentinel on level 5 of the Vaults)

   [ring of resist corrosion]

   It affects your intelligence (+4).
   It affects your accuracy and damage with ranged weapons and melee attacks
   (+2).
   It insulates you from electricity.
 z - the amulet "Tujip" (around neck) {Gourm rElec rC+}
   (You bought it in a shop on level 2 of the Orcish Mines)

   [amulet of the gourmand]

   It allows you to eat raw meat even when not hungry.
   It protects you from cold.
   It insulates you from electricity.
 I - the ring "Jahiunyqa" {*Slow rPois rN+ Int+9 SInv}
   (You found it on level 3 of the Depths)

   [ring of positive energy]

   It affects your intelligence (+9).
   It protects you from poison.
   It protects you from negative energy.
   It lets you see invisible.
   It may slow you when you take damage.
 R - the ring of Day {rPois rF+ Dex+3}
   (You bought it in a shop on level 2 of the Orcish Mines)

   [ring of poison resistance]

   It affects your dexterity (+3).
   It protects you from fire.
   It protects you from poison.
Wands
 h - a wand of digging (17/24)
 o - a wand of digging (23/24)
Scrolls
 i - 15 scrolls of remove curse
 l - a scroll of enchant armour
 m - 8 scrolls of teleportation
 n - 17 scrolls of identify
 t - 11 scrolls of fear
 w - 11 scrolls of amnesia
 y - 5 scrolls of magic mapping
 B - 10 scrolls of enchant weapon
 S - 3 scrolls of fog
 T - 2 scrolls of silence
 X - 6 scrolls of recharging
Potions
 a - 2 potions of invisibility
 d - 10 potions of might
 e - 6 potions of brilliance
 k - 20 potions of curing
 E - 8 potions of mutation
 H - 4 potions of agility
 J - 6 potions of cancellation
 M - 2 potions of haste
 U - 2 potions of ambrosia
Books
 C - a book of Power

   Spells                             Type                      Level
   a - Iskenderun's Battlesphere      Conjuration/Charms           5
   b - Venom Bolt                     Conjuration/Poison           5
   c - Bolt of Magma                  Conjuration/Fire/Earth       5
   d - Iron Shot                      Conjuration/Earth            6
   e - Orb of Destruction             Conjuration                  7
   f - Spellforged Servitor           Conjuration/Summoning        7
Comestibles
 f - 15 bread rations
 g - 15 meat rations
 p - 22 royal jellies


   Skills:
 O Level 27 Fighting
   Level 4.4(10.7) Axes
 - Level 15.7(16.0) Maces & Flails
 - Level 5.0 Crossbows
 * Level 18.0 Armour
 + Level 14.0 Dodging
 - Level 2.4 Stealth
 - Level 15.0 Shields
 - Level 9.0 Spellcasting
 - Level 13.0 Conjurations
 - Level 5.0 Summonings
 - Level 5.0 Translocations
 - Level 10.0 Fire Magic
 - Level 3.0 Air Magic
 - Level 12.0 Earth Magic
 - Level 3.2 Poison Magic
 - Level 9.0 Invocations


You had 13 spell levels left.
You knew the following spells:

 Your Spells              Type           Power        Failure   Level  Hunger
a - Magic Dart            Conj           ####         1%          1    None
b - Stone Arrow           Conj/Erth      ######       1%          3    None
c - Mephitic Cloud        Conj/Pois/Air  #####...     3%          3    None
d - Fireball              Conj/Fire      ######....   3%          5    #####..
e - Bolt of Magma         Conj/Fire/Erth ######....   3%          5    #####..
f - Iron Shot             Conj/Erth      ######....   14%         6    ######.
g - Blink                 Tloc           N/A          3%          2    None
h - Conjure Flame         Conj/Fire      ######..     1%          3    None
i - Passwall              Tmut/Erth      ####......   1%          2    None
j - Summon Butterflies    Summ           ####....     1%          1    None


Dungeon Overview and Level Annotations

Branches:
Dungeon (15/15)            Temple (1/1) D:5            Lair (6/6) D:8
 Shoals (4/4) Lair:4        Snake (4/4) Lair:4        Slime (5/5) Lair:5
    Orc (2/2) D:11            Elf (2/3) Orc:2        Vaults (5/5) D:14
  Crypt (0/3) Vaults:2     Depths (5/5) D:15            Zot (0/5) Depths:5

Altars:
Ashenzari
Cheibriados
Dithmenos
Elyvilon
Fedhas
Gozag
Hepliaklqana
Kikubaaqudgha
Makhleb
Nemelex Xobeh
Okawaru
Qazlal
Ru
Sif Muna
Trog
Uskayaw
Vehumet
Wu Jian
Xom
Yredelemnul
Zin
The Shining One
Beogh
Jiyva

Shops:
D:6 !   D:13 *   Orc:2 =*([   Elf:2 (*(   Snake:1 =   Snake:4 *(**
Vaults:4 ?(   Vaults:5 }!

Portals:
Hell: Depths:1 Depths:2 Depths:3 Depths:4 Depths:5
Abyss: Depths:4
Pandemonium: Depths:3 Depths:4
Ziggurat: Depths:3

Annotations:
Lair:2 exclusion: oklob plant


Innate Abilities, Weirdness & Mutations

You are resistant to torment.
Your stone body is resilient. (AC +20)
You are immune to poison.
Your large and strong wings let you fly indefinitely.
You resist negative energy. (rN+)
You are resistant to electric shocks. (rElec)
You can survive without breathing.
You are immune to petrification.
You are immune to rotting.
You have large cloven feet.
Your muscles are strong. (Str +2)


Message History

You resist.
* * * LOW HITPOINT WARNING * * *
The death ooze is lost in a daze. x2
A slime creature comes into view.
Unknown command.
Really read with blurry vision while enemies are nearby?
Okay, then.
You feel extremely strange.
You feel healthier.
Your hooves expand and flesh out into feet!
Your skeletal structure returns to normal.
Your vision sharpens.
The antennae on your head shrink away.
You feel stronger.
Your feet thicken and deform.
The acid blob spits acid at you. The splash of acid hits you! You resist.
* * * LOW HITPOINT WARNING * * *
You are splashed with acid!
The acid burns!
You resist.
* * * LOW HITPOINT WARNING * * *
The death ooze is lost in a daze.
The acid blob hits you!!
You die...

###..............................
#................................
.................................
.................................
.................................
.................................
...........................J.....
.................................
#..............J@................
##...........JJJJJ...............
............J.JJJJ...............
.............JJJJ.J..............
.............J..J................
...............JJ................
................#..#.##..........
.............#####J#####.........
...........### ** .# ##......J.


You could see 9 acid blobs, 3 azure jellies, 2 slime creatures and 7 death
oozes.

Vanquished Creatures
  the Royal Jelly (Slime:5)
  Mennas (Vaults:3)
  A juggernaut (Depths:2)
  Sojobo (Depths:2)
  Bai Suzhen (Snake:3)
  Saint Roka (Elf:2)
  Margery (Vaults:4)
  Vashnia (Snake:4)
  Nikola (Vaults:1)
  Jory (Vaults:3)
  3 tentacled monstrosities
  Rupert (Snake:1)
  2 deep elf master archers (Depths:5)
  A kraken (Shoals:3)
  16 titans
  4 deep elf blademasters
  Asterion (Snake:1)
  17 acid blobs
  6 sphinxes
  Kirke (Shoals:1)
  A sphinx (shapeshifter) (Depths:3)
  10 tengu reavers
  A storm dragon (shapeshifter) (Depths:3)
  A draconian monk (Depths:5)
  3 shadow dragons
  19 fire giants
  Ilsuiw (Shoals:4)
  7 nagarajas
  19 frost giants
  5 storm dragons
  18 vault wardens
  An orc warlord (Orc:2)
  4 azure jellies
  Louise (Snake:3)
  A draconian shifter (Depths:5)
  3 iron dragons
  Aizul (Snake:1)
  3 deep elf sorcerers
  2 deep elf elementalists
  A draconian stormcaller (Depths:5)
  2 spriggan defenders
  17 ironheart preservers
  36 very ugly things
  5 war gargoyles
  33 stone giants
  2 black draconians (Depths:5)
  3 deep elf demonologists (Vaults:5)
  4 green draconians (Depths:5)
  3 deep elf annihilators
  4 white draconians (Depths:5)
  4 spark wasps (Depths:2)
  A red draconian (Depths:5)
  A yellow draconian (Depths:5)
  Azrael (Snake:3)
  An ettin (shapeshifter) (Depths:4)
  16 ettins
  Snorg (Lair:3)
  A blizzard demon (Depths:3)
  A purple draconian (Depths:5)
  4 deep elf death magi
  8 crystal guardians (Depths:3)
  3 death oozes
  5 merfolk javelineers
  A minotaur (Lab)
  2 jiangshi (Depths:4)
  19 yaktaur captains
  11 merfolk impalers
  9 fire dragons
  A great orb of eyes (shapeshifter) (Depths:3)
  4 rakshasas
  24 vault guards
  A deep elf high priest (Depths:5)
  13 great orbs of eyes
  5 hydras
  12 naga warriors
  17 ice dragons
  15 ogre magi
  4 anacondas
  4 catoblepae
  14 centaur warriors
  3 merfolk avatars (Shoals:4)
  4 death knights
  Erica (D:8)
  7 merfolk aquamancers
  42 two-headed ogres
  4 spriggan air magi
  An alligator snapping turtle (Shoals:4)
  12 deep troll earth magi
  A satyr (shapeshifter) (Depths:3)
  2 satyrs
  6 death yaks
  Urug (Orc:2)
  A queen ant (shapeshifter) (Depths:3)
  2 vampire magi
  6 tengu warriors
  2 orc high priests
  10 deep troll shamans
  37 dancing weapons
  15 naga sharpshooters
  10 shock serpents
  5 spriggan berserkers
  29 deep elf knights
  A titan skeleton (Vaults:2)
  A shadow wraith (Vaults:4)
  12 hell knights
  A fire crab (shapeshifter) (Vaults:3)
  3 unseen horrors
  A deep troll (shapeshifter) (Depths:3)
  15 sea snakes
  An unseen horror (shapeshifter) (Vaults:3)
  10 skeletal warriors
  6 iron trolls
  9 glowing orange brains
  A sea snake (shapeshifter) (Depths:3)
  3 salamander mystics
  9 wizards
  A death drake (shapeshifter) (Depths:3)
  2 flayed ghosts
  20 deep trolls
  2 tengu zombies
  16 deep elf archers
  4 obsidian statues (Depths:3)
  7 naga ritualists
  14 orc knights
  15 ironbrand convokers
  5 wolf spiders
  5 phantasmal warriors
  A mana viper (shapeshifter) (Vaults:4)
  6 necromancers
  61 deep elf magi
  14 fauns
  6 orc sorcerers
  The ghost of Shinoi the Dealer of Despair, a novice DsNe of Kikubaaqudgha (D:7)
  21 harpies
  12 mana vipers
  54 ugly things
  8 shining eyes
  9 cyclopes
  3 frost giant zombies
  A cyclops (shapeshifter) (Depths:3)
  13 manticores
  An elephant (shapeshifter) (Vaults:4)
  7 merfolk sirens
  A frost giant skeleton (Vaults:2)
  A manticore (shapeshifter) (Depths:3)
  2 guardian serpents
  A rust devil (Depths:5)
  34 black mambas
  An elephant (Lair:4)
  2 ice statues (IceCv)
  2 guardian serpents (shapeshifter)
  20 salamanders
  14 vault sentinels
  8 water nymphs
  Joseph (D:7)
  The ghost of Monsterracer the Archer, a novice CeHu of Okawaru (D:4)
  A water nymph (shapeshifter) (Depths:3)
  4 eyes of devastation
  19 naga magi
  5 gargoyles
  A human zombie (Vaults:2)
  3 molten gargoyles (Depths:3)
  3 rime drakes
  24 spiny frogs
  2 komodo dragons (shapeshifter)
  8 komodo dragons
  34 yaktaurs
  A yaktaur (shapeshifter) (Depths:3)
  3 queen bees (shapeshifter)
  A guardian mummy (D:15)
  2 freezing wraiths (Vaults:4)
  8 trolls
  A merfolk (shapeshifter) (Depths:4)
  2 tengu conjurers
  A queen bee (D:8)
  35 merfolk
  5 tyrant leeches (Lair:6)
  3 polar bears
  5 wind drakes
  A troll (shapeshifter) (Vaults:2)
  Grinder (D:3)
  13 hornets
  The ghost of claquette the Vandal, an amateur HaHu of Okawaru (D:3)
  17 hippogriffs
  11 snapping turtles
  A stone giant simulacrum (Vaults:1)
  3 raiju (Depths:3)
  94 slime creatures
  11 blink frogs
  16 dream sheep
  3 shadows
  A centaur simulacrum (D:14)
  7 spriggans
  A tarantella (shapeshifter) (Depths:3)
  A wraith (D:14)
  73 yaks
  A redback (shapeshifter) (Vaults:4)
  28 water elementals
  12 air elementals
  2 vampires (D:14)
  3 hogs (Shoals:1)
  A human (shapeshifter) (D:14)
  4 fire bats (Depths:1)
  A yak (shapeshifter) (Vaults:5)
  13 golden eyes
  4 wyverns
  A spriggan skeleton (D:15)
  10 basilisks
  7 fire elementals
  2 hungry ghosts
  A basilisk (shapeshifter) (Vaults:5)
  2 human simulacra (Vaults:2)
  A warg (shapeshifter) (Vaults:1)
  13 vampire mosquitoes
  A yaktaur simulacrum (Vaults:3)
  11 wargs
  2 insubstantial wisps (Lair:3)
  40 nagas
  2 acid dragons
  4 hell hounds (Snake:3)
  A swamp drake (shapeshifter) (D:14)
  7 water moccasins
  48 orc warriors
  11 porcupines
  6 black bears
  2 floating eyes
  17 ice beasts
  3 sky beasts
  A black bear (shapeshifter) (Depths:4)
  4 necrophages
  37 ogres
  3 phantoms
  An elf zombie (Vaults:2)
  2 eyes of draining
  6 wolves
  7 boggarts
  27 centaurs
  16 crocodiles
  A human skeleton (Vaults:2)
  5 big kobolds
  28 bullfrogs
  11 earth elementals
  3 gnoll sergeants (D:11)
  3 scorpions
  17 killer bees
  7 wights
  3 howler monkeys (D:8)
  6 jellies
  An electric eel (Elf:2)
  10 crimson imps
  A bullfrog zombie (D:12)
  4 centaur zombies
  4 quasits
  9 hounds
  6 centaur skeletons
  24 orc priests
  Crazy Yiuf (D:3)
  5 bullfrog skeletons
  2 gnoll shamans
  Jessica (D:15)
  26 orc wizards
  Natasha (thrice) (D:4)
  7 iguanas
  12 worker ants
  A hound zombie (D:7)
  A hound skeleton (D:8)
  2 mummies (D:7)
  2 worker ant zombies
  2 howler monkey skeletons
  A howler monkey zombie (D:10)
  13 gnolls
  15 adders
  2 adder skeletons (D:4)
  2 adder zombies
  2 worms (D:4)
  A dart slug (D:2)
  5 leopard geckos
  94 orcs
  6 bats
  7 giant cockroaches
  4 goblins
  9 hobgoblins
  7 jackals
  9 kobolds
  2 quokkas
  A ball python (D:3)
  9 frilled lizards
  A jackal skeleton (D:7)
  A jackal zombie (D:7)
  3 leopard gecko skeletons
  3 leopard gecko zombies
  A quokka zombie (D:7)
  9 rats
  A plant (Lair:6)
  4 tentacles (Shoals:3)
  A withered plant (Shoals:1)
2359 creatures vanquished.

Vanquished Creatures (others)
  8 deep elf master archers
  A deep elf blademaster (Slime:1)
  A nagaraja (Snake:4)
  A fire giant (Vaults:5)
  A merfolk javelineer (Depths:2)
  2 yaktaur captains
  3 centaur warriors
  A satyr (Shoals:4)
  5 naga sharpshooters
  A sea snake (Shoals:4)
  6 deep elf archers
  A deep elf mage (Elf:1)
  2 cyclopes
  17 yaktaurs
  A tengu conjurer (Depths:1)
  2 water elementals
  A wraith (D:14)
  A naga (Snake:4)
  A boggart (Vaults:1)
  8 centaurs
  An orc wizard (Orc:1)
  A hound skeleton (D:5)
  12 ball lightnings (Depths:3)
  5 orcs
  30 fungi
  62 plants
  4 tentacles (Shoals:3)
  A withered plant (D:15)
180 creatures vanquished.

Grand Total: 2539 creatures vanquished

Notes
Turn   | Place    | Note
-------+----------+-------------------------------------------
     0 | D:1      | Monsterracer the Gargoyle Fighter began the quest for the Orb.
     0 | D:1      | Reached XP level 1. HP: 14/14 MP: 1/1
   122 | D:1      | Reached XP level 2. HP: 19/19 MP: 2/2
   559 | D:1      | Reached XP level 3. HP: 23/23 MP: 3/3
   850 | D:2      | Found an iron altar of Okawaru.
   853 | D:2      | Reached XP level 4. HP: 28/28 MP: 4/4
   860 | D:2      | Became a worshipper of Warmaster Okawaru
  1176 | D:3      | Noticed claquette's ghost (amateur HaHu)
  1197 | D:3      | Killed claquette's ghost
  1197 | D:3      | Reached XP level 5. HP: 26/32 MP: 5/5
  1197 | D:3      | Reached XP level 6. HP: 30/37 MP: 6/6
  1254 | D:3      | Found a runed door.
  1258 | D:3      | Noticed Crazy Yiuf
  1262 | D:3      | Killed Crazy Yiuf
  1374 | D:3      | Reached * piety under Okawaru
  1550 | D:3      | Reached XP level 7. HP: 30/41 MP: 7/7
  1751 | D:3      | Noticed Grinder
  1770 | D:3      | Killed Grinder
  1770 | D:3      | Reached ** piety under Okawaru
  2249 | D:4      | Noticed Natasha
  2258 | D:4      | Killed Natasha
  2258 | D:4      | Reached skill level 1 in Dodging
  2275 | D:4      | Noticed Natasha
  2287 | D:4      | Killed Natasha
  2287 | D:4      | Reached XP level 8. HP: 41/46 MP: 8/8
  2359 | D:4      | Found a radiant altar of Vehumet.
  2373 | D:4      | Reached skill level 1 in Invocations
  2495 | D:4      | Noticed Monsterracer's ghost (novice CeHu)
  2517 | D:4      | Noticed Natasha
  2519 | D:4      | Killed Monsterracer's ghost
  2519 | D:4      | Reached skill level 4 in Fighting
  2538 | D:4      | Killed Natasha
  2847 | D:5      | Entered Level 5 of the Dungeon
  2990 | D:5      | Reached *** piety under Okawaru
  2990 | D:5      | Reached XP level 9. HP: 50/53 MP: 9/11
  3076 | D:5      | Found a staircase to the Ecumenical Temple.
  3233 | D:5      | Reached skill level 5 in Fighting
  3835 | D:6      | Reached skill level 5 in Armour
  3887 | D:6      | Found Raaluf's Distillery.
  3895 | D:6      | Bought a potion of mutation for 96 gold pieces
  3924 | D:6      | Reached skill level 5 in Shields
  4536 | D:6      | Found a glowing golden altar of the Shining One.
  4597 | D:6      | Found a basalt altar of Yredelemnul.
  4720 | D:6      | Noticed an angel
  4779 | D:7      | Noticed Shinoi's ghost (novice DsNe)
  4808 | D:6      | Reached **** piety under Okawaru
  4883 | D:7      | Killed Shinoi's ghost
  4883 | D:7      | Reached skill level 10 in Maces & Flails
  4949 | D:7      | Reached XP level 10. HP: 59/60 MP: 13/13
  5026 | D:7      | Noticed Joseph
  5046 | D:7      | Killed Joseph
  5046 | D:7      | Reached skill level 6 in Fighting
  5070 | D:7      | Found an ancient bone altar of Kikubaaqudgha.
  5413 | D:7      | Reached skill level 5 in Invocations
  5611 | D:7      | Noticed a two-headed ogre
  6359 | D:7      | Killed a two-headed ogre
  6359 | D:7      | Reached ***** piety under Okawaru
  6673 | D:8      | Reached skill level 7 in Fighting
  6763 | D:8      | Reached XP level 11. HP: 59/67 MP: 13/15
  6770 | D:8      | Noticed a two-headed ogre
  6775 | D:8      | Received a gift from Okawaru
  6835 | D:8      | Killed a two-headed ogre
  6844 | D:8      | Noticed Erica
  6875 | D:8      | Killed Erica
  6981 | D:8      | Found a shattered altar of Ashenzari.
  7013 | D:8      | Found a staircase to the Lair.
  7020 | D:8      | Learned a level 1 spell: Magic Dart
  7214 | D:8      | Learned a level 2 spell: Call Imp
  7217 | D:8      | Learned a level 2 spell: Blink
  7221 | D:8      | Learned a level 3 spell: Conjure Flame
  7377 | D:9      | Noticed a two-headed ogre
  7391 | D:9      | Killed a two-headed ogre
  7958 | D:9      | Reached skill level 8 in Fighting
  8240 | D:10     | Entered Level 10 of the Dungeon
  9078 | D:10     | Reached XP level 12. HP: 74/74 MP: 17/17
  9468 | Lair:1   | Entered Level 1 of the Lair of Beasts
  9630 | Lair:1   | Found a dark tunnel.
  9638 | Volcano  | Entered a volcano
  9673 | Volcano  | Found a radiant altar of Vehumet.
 10167 | Lair:1   | Found a frozen archway.
 10176 | IceCv    | Entered an ice cave
 10238 | IceCv    | Reached skill level 5 in Dodging
 11195 | IceCv    | Reached skill level 9 in Fighting
 11340 | IceCv    | Noticed an ice dragon
 11360 | IceCv    | Killed an ice dragon
 11363 | IceCv    | Noticed an ice dragon
 11382 | IceCv    | Killed an ice dragon
 11747 | Lair:1   | Received a gift from Okawaru
 11762 | Lair:1   | Got an ancient lajatang {god gift}
 11763 | Lair:1   | Identified the +1 lajatang "Ukaduath" {slice, rPois rN+ Str-5} (Okawaru gifted it to you on level 1 of the Lair of Beasts)
 11804 | Lair:1   | Reached ****** piety under Okawaru
 12028 | Lair:1   | Found a sparkling altar of Nemelex Xobeh.
 12064 | Lair:1   | Reached XP level 13. HP: 80/80 MP: 19/19
 12920 | Lair:2   | Reached skill level 1 in Crossbows
 13645 | Lair:3   | Noticed Snorg
 13671 | Lair:3   | Killed Snorg
 13906 | Lair:3   | Received a gift from Okawaru
 14673 | Lair:2   | Reached skill level 10 in Fighting
 14978 | Lair:3   | Reached skill level 10 in Shields
 15516 | Lair:4   | Reached skill level 10 in Armour
 15794 | Lair:4   | Found a staircase to the Shoals.
 15894 | Lair:4   | Learned a level 5 spell: Silence
 15969 | Lair:4   | Received a gift from Okawaru
 16149 | Lair:4   | Gained mutation: Your large and strong wings let you fly indefinitely. [Gargoyle growth]
 16149 | Lair:4   | Reached XP level 14. HP: 88/88 MP: 20/20
 16438 | Lair:4   | Found a staircase to the Snake Pit.
 17229 | Lair:5   | Found a runed door.
 17229 | Lair:5   | Found a viscous altar of Jiyva.
 17229 | Lair:5   | Found a staircase to the Slime Pits.
 17532 | Lair:6   | Entered Level 6 of the Lair of Beasts
 18576 | Lair:6   | Reached skill level 11 in Fighting
 18576 | Lair:6   | Reached skill level 5 in Crossbows
 18701 | Lair:6   | Identified the Catalogue of Summoning and Heat
 18705 | Lair:6   | Learned a level 1 spell: Summon Butterflies
 18726 | Lair:6   | Got a pitted wooden ring
 18736 | Lair:6   | Identified the ring "Atzu" {rN+ MR+ Str+2 Int+3} (You found it on level 6 of the Lair of Beasts)
 18956 | Lair:6   | Received a gift from Okawaru
 20137 | D:10     | Found a snail-covered altar of Cheibriados.
 20288 | D:11     | Found a staircase to the Orcish Mines.
 20352 | D:11     | Received a gift from Okawaru
 20539 | Orc:1    | Entered Level 1 of the Orcish Mines
 20623 | Orc:1    | Reached XP level 15. HP: 95/95 MP: 21/21
 20932 | Orc:2    | Entered Level 2 of the Orcish Mines
 21067 | Orc:2    | Received a gift from Okawaru
 21084 | Orc:2    | Got a faintly glowing broad axe {god gift}
 21252 | Orc:2    | Identified the +6 broad axe "Osas" {flame, +Blink rF+ MR+ Dex-2} (Okawaru gifted it to you on level 2 of the Orcish Mines)
 21275 | Orc:2    | Found a staircase to the Elven Halls.
 21276 | Orc:2    | Found a roughly hewn altar of Beogh.
 21454 | Orc:2    | Reached skill level 1 in Axes
 21495 | Orc:2    | Noticed an orc warlord
 21495 | Orc:2    | Noticed Urug
 21765 | Orc:2    | Killed an orc warlord
 21840 | Orc:2    | Found a roughly hewn altar of Beogh.
 22269 | Orc:2    | Killed Urug
 22305 | Orc:2    | Found Odwatoh's Antique Weapon Boutique.
 22312 | Orc:2    | Bought a transparent morningstar for 216 gold pieces
 22312 | Orc:2    | Identified the +4 morningstar "Tobongiet" {crush, rElec rF+} (You bought it in a shop on level 2 of the Orcish Mines)
 22318 | Orc:2    | Bought a glowing demon whip for 432 gold pieces
 22328 | Orc:2    | Found Opuirr's Antique Armour Boutique.
 22412 | Orc:2    | Found Kas Ute's General Store.
 22427 | Orc:2    | Found Ugugat's Jewellery Boutique.
 22435 | Orc:2    | Bought the amulet "Tujip" {Gourm rElec rC+} for 561 gold pieces
 22435 | Orc:2    | Bought the ring of Day {rPois rF+ Dex+3} for 443 gold pieces
 22695 | Orc:1    | Found a bloodstained altar of Trog.
 23039 | D:12     | Reached skill level 15 in Maces & Flails
 23303 | D:12     | Received a gift from Okawaru
 24251 | D:13     | Found Iclyp's Serpentskin Sales.
 24510 | D:13     | Reached skill level 12 in Fighting
 24965 | D:14     | Received a gift from Okawaru
 25006 | D:14     | Noticed a sphinx
 25014 | D:14     | Killed a sphinx
 25032 | D:14     | Received a gift from Okawaru
 25067 | D:14     | Noticed a storm dragon
 25102 | D:14     | Killed a storm dragon
 25315 | D:14     | Noticed a tengu reaver
 25352 | D:14     | Killed a tengu reaver
 25352 | D:14     | Reached XP level 16. HP: 35/101 MP: 22/22
 25665 | D:14     | Noticed a tengu reaver
 25684 | D:14     | Killed a tengu reaver
 25688 | D:14     | Noticed a tengu reaver
 25697 | D:14     | Noticed a tengu reaver
 25705 | D:14     | Noticed a sphinx
 25715 | D:14     | Killed a tengu reaver
 25715 | D:14     | Received a gift from Okawaru
 25723 | D:14     | Received a gift from Okawaru
 25738 | D:14     | Killed a tengu reaver
 25763 | D:14     | Killed a sphinx
 25781 | D:14     | Got a translucent silver ring
 25803 | D:14     | Identified the ring "Tuic" {+Inv +Fly Int-3 Dex-5 Stlth+} (You took it off a hell knight on level 14 of the Dungeon)
 26251 | D:14     | Reached skill level 13 in Fighting
 26307 | D:14     | Found a gate to the Vaults.
 26700 | D:15     | Entered Level 15 of the Dungeon
 26757 | D:15     | Found a labyrinth entrance.
 26766 | Lab      | Entered a labyrinth
 27040 | D:15     | Found a staircase to the Depths.
 27845 | D:15     | Noticed Jessica
 27851 | D:15     | Killed Jessica
 27860 | D:15     | Found a deep blue altar of Sif Muna.
 28291 | Snake:1  | Entered Level 1 of the Snake Pit
 28299 | Snake:1  | Noticed Rupert
 28315 | Snake:1  | Killed Rupert
 28504 | Snake:1  | Received a gift from Okawaru
 28531 | Snake:1  | Reached skill level 14 in Fighting
 28763 | Snake:1  | Reached XP level 17. HP: 111/111 MP: 23/23
 28824 | Snake:1  | Received a gift from Okawaru
 29120 | Snake:1  | Noticed Asterion
 29135 | Snake:1  | Noticed an Executioner
 29135 | Snake:1  | Killed Asterion
 29246 | Snake:1  | Noticed Aizul
 29272 | Snake:1  | Killed Aizul
 29486 | Snake:1  | Found Fetuo's Jewellery Shop.
 29872 | Snake:2  | Received a gift from Okawaru
 29875 | Snake:2  | Got an ichor-stained triple crossbow {god gift}
 29876 | Snake:2  | Identified the +10 triple crossbow of Interdependent Arising {penet, Int+2} (Okawaru gifted it to you on level 2 of the Snake Pit)
 30920 | Snake:3  | Noticed Azrael
 30940 | Snake:3  | Killed Azrael
 30940 | Snake:3  | Reached skill level 15 in Fighting
 30945 | Snake:3  | Noticed Bai Suzhen
 30967 | Snake:3  | Killed Bai Suzhen
 31385 | Snake:3  | Noticed Louise
 31394 | Snake:3  | Killed Louise
 31394 | Snake:3  | Reached skill level 10 in Dodging
 31584 | Snake:3  | Received a gift from Okawaru
 31587 | Snake:3  | Got a faintly humming chain mail {god gift}
 31598 | Snake:3  | Identified the +7 chain mail of Bishixif {rElec} (Okawaru gifted it to you on level 3 of the Snake Pit)
 31784 | Snake:4  | Entered Level 4 of the Snake Pit
 31854 | Snake:4  | Found Jaxkei's General Store.
 31866 | Snake:4  | Found Difiuchah's Antique Weapon Emporium.
 31874 | Snake:4  | Bought a runed demon whip for 720 gold pieces
 31939 | Snake:4  | Found Kuocwun's Assorted Antiques.
 32137 | Snake:4  | Found Idweuren's Assorted Antiques.
 32256 | Snake:4  | Reached XP level 18. HP: 69/120 MP: 15/24
 33407 | Snake:3  | Reached skill level 16 in Fighting
 33653 | Snake:4  | Received a gift from Okawaru
 33656 | Snake:4  | Got a fine broad axe {god gift}
 33657 | Snake:4  | Identified the +6 broad axe of Distraction {chop, Str+7} (Okawaru gifted it to you on level 4 of the Snake Pit)
 34576 | Snake:4  | Got a serpentine rune of Zot
 34595 | Snake:4  | Noticed Vashnia
 34631 | Snake:4  | Killed Vashnia
 35705 | Shoals:1 | Entered Level 1 of the Shoals
 35991 | Shoals:1 | Reached skill level 15 in Shields
 36042 | Shoals:1 | Received a gift from Okawaru
 36062 | Shoals:1 | Reached skill level 17 in Fighting
 36107 | Shoals:1 | Noticed Kirke
 36142 | Shoals:1 | Killed Kirke
 36965 | Shoals:2 | Reached XP level 19. HP: 128/128 MP: 25/25
 37239 | Shoals:2 | Reached skill level 15 in Armour
 37899 | Shoals:3 | Got a shimmering scale mail
 37910 | Shoals:3 | Identified the +5 scale mail of Efehu {rPois} (You found it on level 3 of the Shoals)
 38644 | Shoals:4 | Entered Level 4 of the Shoals
 38770 | Shoals:4 | Reached skill level 18 in Fighting
 38831 | Shoals:4 | Noticed Ilsuiw
 38877 | Shoals:4 | Killed Ilsuiw
 39253 | Shoals:4 | Received a gift from Okawaru
 39821 | Shoals:4 | Received a gift from Okawaru
 39824 | Shoals:4 | Got a faintly humming hat {god gift}
 39835 | Shoals:4 | Identified the +0 hat of Fuvukea {rF+ MR+} (Okawaru gifted it to you on level 4 of the Shoals)
 40125 | Shoals:4 | Got a barnacled rune of Zot
 40839 | Vaults:1 | Entered Level 1 of the Vaults
 40905 | Vaults:1 | Reached skill level 19 in Fighting
 40905 | Vaults:1 | Reached XP level 20. HP: 139/139 MP: 26/26
 40979 | Vaults:1 | Noticed Nikola
 40995 | Vaults:1 | Killed Nikola
 42440 | Vaults:1 | Learned a level 3 spell: Stone Arrow
 42809 | Vaults:1 | Received a gift from Okawaru
 42812 | Vaults:1 | Got a faintly humming plate armour {god gift}
 42836 | Vaults:1 | Identified the +1 plate armour "Voovon" {rF+} (Okawaru gifted it to you on level 1 of the Vaults)
 43024 | Vaults:1 | Reached skill level 1 in Earth Magic
 43147 | Vaults:1 | Reached skill level 1 in Summonings
 43357 | Vaults:2 | Reached skill level 1 in Conjurations
 43398 | Vaults:2 | Reached skill level 1 in Translocations
 43601 | Vaults:2 | Reached skill level 1 in Spellcasting
 44038 | Vaults:2 | Found a staircase to the Crypt.
 44208 | Vaults:2 | Reached skill level 20 in Fighting
 44717 | Vaults:2 | Received a gift from Okawaru
 44718 | Vaults:2 | Reached XP level 21. HP: 90/146 MP: 27/27
 44727 | Vaults:2 | Got a spiked scale mail {god gift}
 44738 | Vaults:2 | Identified the +0 scale mail of Eluschig {rPois Str+3 Dex+7} (Okawaru gifted it to you on level 2 of the Vaults)
 45600 | Vaults:3 | Noticed Mennas
 45635 | Vaults:3 | Killed Mennas
 45686 | Vaults:3 | Reached skill level 5 in Earth Magic
 46552 | Vaults:3 | Reached skill level 5 in Conjurations
 46622 | Vaults:3 | Noticed Jory
 46646 | Vaults:3 | Killed Jory
 47100 | Vaults:3 | Received a gift from Okawaru
 47403 | Vaults:3 | Received a gift from Okawaru
 47570 | Vaults:4 | Noticed Margery
 47588 | Vaults:4 | Killed Margery
 47991 | Vaults:4 | Found Zighu's Antique Weapon Shoppe.
 48101 | Vaults:4 | Reached skill level 21 in Fighting
 48101 | Vaults:4 | Reached skill level 5 in Translocations
 48175 | Vaults:4 | Reached skill level 5 in Summonings
 48279 | Vaults:4 | Reached skill level 5 in Spellcasting
 48398 | Vaults:4 | Reached XP level 22. HP: 143/155 MP: 29/29
 49263 | D:10     | Learned a level 3 spell: Mephitic Cloud
 49265 | D:10     | Learned a level 1 spell: Magic Dart
 49537 | Vaults:4 | Received a gift from Okawaru
 49802 | Vaults:4 | Got an encrusted cloak {god gift}
 49813 | Vaults:4 | Identified the +0 cloak of Boenuil {Str+7} (Okawaru gifted it to you on level 4 of the Vaults)
 50053 | Vaults:4 | Found Zujol's Magic Scroll Emporium.
 50416 | Vaults:5 | Entered Level 5 of the Vaults
 50426 | Vaults:4 | Reached skill level 1 in Poison Magic
 50803 | Vaults:5 | Reached skill level 1 in Air Magic
 51322 | Vaults:4 | Received a gift from Okawaru
 51551 | Vaults:4 | Reached XP level 23. HP: 89/161 MP: 33/33
 52719 | Vaults:5 | Reached skill level 22 in Fighting
 52800 | Vaults:5 | Got a clouded granite ring
 52875 | Vaults:5 | Got bloodstained fire dragon scales
 53233 | Vaults:5 | Received a gift from Okawaru
 53251 | Vaults:5 | Identified the +8 fire dragon scales of Summer {+Inv rF++ rC- rCorr} (You took it off a vault warden on level 5 of the Vaults)
 53252 | Vaults:5 | Identified the ring "Buimp" {rCorr rElec Int+4 Slay+2} (You took it off a vault sentinel on level 5 of the Vaults)
 53663 | Vaults:5 | Found Werhag Rien's Gadget Boutique.
 53822 | Vaults:5 | Found Quinan's Distillery.
 54263 | Vaults:5 | Learned a level 5 spell: Fireball
 54408 | Vaults:5 | Got a silver rune of Zot
 54531 | Vaults:5 | Identified the Tome of Necromancy and Moulding
 54539 | Vaults:5 | Learned a level 5 spell: Agony
 54543 | Vaults:5 | Learned a level 2 spell: Passwall
 54860 | Elf:1    | Entered Level 1 of the Elven Halls
 55019 | Elf:1    | Reached skill level 1 in Fire Magic
 55568 | Elf:1    | Received a gift from Okawaru
 56781 | Elf:2    | Found Ythuprin's Assorted Antiques.
 56916 | Elf:2    | Found Jiasycho's Antique Weapon Boutique.
 56986 | Elf:2    | Found Hischahue's Weapon Shoppe.
 57099 | Elf:2    | Found a runed gate.
 57101 | Elf:2    | Found a runed gate.
 57101 | Elf:2    | Found a runed gate.
 57322 | Elf:2    | Noticed Saint Roka
 57340 | Elf:2    | Reached XP level 24. HP: 155/170 MP: 33/33
 57376 | Elf:2    | Killed Saint Roka
 57391 | Elf:2    | Reached skill level 23 in Fighting
 58252 | Elf:2    | Received a gift from Okawaru
 58565 | Lair:5   | Gained mutation: You are clumsy. (Dex -2) [a shining eye]
 58566 | Lair:5   | Gained mutation: You are frail. (-10% HP) [a shining eye]
 58570 | Lair:5   | Lost mutation: You are frail. (-10% HP) [potion of mutation]
 58570 | Lair:5   | Lost mutation: You are clumsy. (Dex -2) [potion of mutation]
 58570 | Lair:5   | Gained mutation: Your spells are a little harder to cast, but a little more powerful. [potion of mutation]
 58570 | Lair:5   | Gained mutation: You are robust. (+10% HP) [potion of mutation]
 58615 | Slime:1  | Entered Level 1 of the Pits of Slime
 58685 | Slime:1  | Gained mutation: You expend magic power (3 MP) to strengthen your wands. [a shining eye]
 59449 | Depths:1 | Entered Level 1 of the Depths
 59905 | Depths:1 | Found a runed door.
 60044 | Depths:1 | Reached skill level 5 in Fire Magic
 60090 | Depths:1 | Found a gateway to Hell.
 60941 | Depths:1 | Reached skill level 24 in Fighting
 61713 | Snake:3  | Learned a level 6 spell: Iron Shot
 61719 | Snake:3  | Learned a level 5 spell: Bolt of Magma
 62098 | Depths:2 | Received a gift from Okawaru
 62104 | Depths:2 | Reached skill level 10 in Conjurations
 62795 | Depths:2 | Noticed Sojobo
 62985 | Depths:2 | Killed Sojobo
 62985 | Depths:2 | Reached XP level 25. HP: 193/198 MP: 27/33
 63569 | Depths:2 | Noticed a juggernaut
 63591 | Depths:2 | Killed a juggernaut
 63922 | Depths:2 | Received a gift from Okawaru
 64224 | Depths:2 | Reached skill level 1 in Stealth
 64301 | Depths:3 | Reached skill level 10 in Earth Magic
 64352 | Depths:3 | Received a gift from Okawaru
 64696 | Depths:3 | Got a distressingly furry chain mail
 64697 | Depths:3 | Identified the +4 chain mail "Osuyxt" {rC+ Str+5 Int+3 Stlth-} (You found it on level 3 of the Depths)
 65332 | Depths:3 | Reached skill level 25 in Fighting
 65418 | Depths:3 | Found a one-way gate leading to the halls of Pandemonium.
 65595 | Depths:3 | Found a gateway to a ziggurat.
 65883 | Depths:3 | Got a warped pewter ring
 65884 | Depths:3 | Identified the ring "Jahiunyqa" {*Slow rPois rN+ Int+9 SInv} (You found it on level 3 of the Depths)
 65972 | Depths:4 | Received a gift from Okawaru
 66084 | Depths:4 | Found a one-way gate to the infinite horrors of the Abyss.
 66231 | Depths:4 | Received a gift from Okawaru
 66629 | Temple   | Entered the Ecumenical Temple
 66879 | D:6      | Fell from the grace of Okawaru
 66879 | D:6      | Became a worshipper of the Shining One
 67204 | Depths:4 | Reached XP level 26. HP: 192/206 MP: 34/35
 68188 | Depths:5 | Entered Level 5 of the Depths
 68528 | Depths:5 | Found Zeezic's General Store.
 69060 | Depths:5 | Reached * piety under the Shining One
 69086 | Depths:5 | Got a shimmering plate armour
 69087 | Depths:5 | Identified the +9 plate armour of Supple Strength {rF+} (You found it on level 5 of the Depths)
 70859 | Depths:5 | HP: 9/206 [deep elf master archer/arrow[the fury of Okawaru] (18)]
 71440 | Depths:5 | Found a gate to the Realm of Zot.
 72002 | Depths:5 | Reached ** piety under the Shining One
 73112 | Slime:1  | Was forgiven by Okawaru
 73125 | Slime:1  | Gained mutation: You are occasionally teleported next to monsters. [a shining eye]
 73130 | Slime:1  | HP: 7/207 [acid (6)]
 73136 | Slime:1  | Gained mutation: You are dopey. (Int -2) [a shining eye]
 73137 | Slime:1  | Lost mutation: You are occasionally teleported next to monsters. [potion of mutation]
 73137 | Slime:1  | Lost mutation: Your spells are a little harder to cast, but a little more powerful. [potion of mutation]
 73137 | Slime:1  | Lost mutation: You are robust. (+10% HP) [potion of mutation]
 73137 | Slime:1  | Gained mutation: You passively map a small area around you. [potion of mutation]
 73137 | Slime:1  | Gained mutation: You have a pair of small antennae on your head. [potion of mutation]
 73137 | Slime:1  | Gained mutation: Your muscles are strong. (Str +2) [potion of mutation]
 73149 | Slime:1  | Gained mutation: Your body sometimes deteriorates upon taking damage. [a shining eye]
 74358 | Slime:2  | Reached skill level 10 in Fire Magic
 75117 | Slime:4  | Reached skill level 26 in Fighting
 75147 | Slime:3  | Gained mutation: You have a somewhat thin skeletal structure. (Dex +2, Stealth) [a shining eye]
 75150 | Slime:3  | Gained mutation: Scrolls take you a little longer to read. [a shining eye]
 75152 | Slime:3  | Gained mutation: You are partially covered in large bone plates. (SH +4) [a shining eye]
 75898 | Slime:4  | Gained mutation: Your spells are a little easier to cast, but a little less powerful. [a shining eye]
 75932 | Slime:5  | Entered Level 5 of the Pits of Slime
 75935 | Slime:5  | Paralysed by a floating eye for 3 turns
 75943 | Slime:4  | Paralysed by a floating eye for 4 turns
 75955 | Slime:4  | Paralysed by a floating eye for 3 turns
 76039 | Slime:5  | Lost mutation: Your muscles are strong. (Str +2) [a shining eye]
 76542 | Slime:5  | Reached XP level 27. HP: 188/196 MP: 36/36
 77207 | Slime:5  | Gained mutation: Armour fits poorly on your strangely shaped body. [a shining eye]
 77430 | Slime:5  | Noticed the Royal Jelly
 77446 | Slime:5  | Killed the Royal Jelly
 77446 | Slime:5  | Reached skill level 27 in Fighting
 77453 | Slime:5  | Lost mutation: You are dopey. (Int -2) [potion of mutation]
 77453 | Slime:5  | Lost mutation: Your spells are a little easier to cast, but a little less powerful. [potion of mutation]
 77453 | Slime:5  | Lost mutation: You expend magic power (3 MP) to strengthen your wands. [potion of mutation]
 77453 | Slime:5  | Lost mutation: You passively map a small area around you. [potion of mutation]
 77453 | Slime:5  | Lost mutation: Armour fits poorly on your strangely shaped body. [potion of mutation]
 77453 | Slime:5  | Lost mutation: You are partially covered in large bone plates. (SH +4) [potion of mutation]
 77453 | Slime:5  | Gained mutation: You have large cloven feet. [potion of mutation]
 77455 | Slime:5  | Lost mutation: Your body sometimes deteriorates upon taking damage. [potion of mutation]
 77455 | Slime:5  | Lost mutation: You have large cloven feet. [potion of mutation]
 77455 | Slime:5  | Lost mutation: You have a somewhat thin skeletal structure. (Dex +2, Stealth) [potion of mutation]
 77455 | Slime:5  | Lost mutation: Scrolls take you a little longer to read. [potion of mutation]
 77455 | Slime:5  | Lost mutation: You have a pair of small antennae on your head. [potion of mutation]
 77455 | Slime:5  | Gained mutation: Your muscles are strong. (Str +2) [potion of mutation]
 77455 | Slime:5  | Gained mutation: You have large cloven feet. [potion of mutation]
 77455 | Slime:5  | HP: 8/199 [acid[the Royal Jelly] (5)]
 77455 | Slime:5  | Mangled by an acid blob

Vault maps used:
D:1:      evilmike_arrival_plus
D:2:      lemuel_round_altar, minmay_lizard_pond
D:3:      uniq_crazy_yiuf_cottage, uniq_grinder
D:4:      lemuel_doored_altar, minmay_three_crescents, uniq_natasha
D:5:      minmay_temple_entry_statues_fountains, first_bread,
          lemuel_flamethrower_2
D:6:      grunt_temple_overflow_holy_war, serial_shops, shop, lightli_minifort
D:7:      kiku_gazebo_pond_becter, serial_undead, serial_undead_e,
          serial_undead_d, serial_undead_e, serial_undead_d, uniq_joseph
D:8:      cheibrodos_ashenzari_chains, minmay_lair_entry_grove, david_nohive_1,
          uniq_erica
D:10:     lemuel_upstairs_altar, patterned_corridor
D:11:     kennysheep_orc_monster_closet_entryway, lemuel_old_faithful
D:12:     minmay_misc_feat_more_columns
D:13:     guppyfry_shop_venom
D:14:     david_vaults_2, minmay_the_grid_triangle_9x9_rhombus_full
D:15:     gammafunk_depths_entry_grave, tgw_sif, lab_entry_generic,
          bh_walls_and_bars
Temple:   lightli_temple_of_artemis
Lair:1:   enter_volcano_1, basic_altar, portal_ice_cave_entry_pillars_2
Lair:2:   eino_small_chamber_without_monster, minmay_lair_oklob_bushes
Lair:3:   pond, uniq_snorg
Lair:4:   minmay_shoals_entry_centaurs, minmay_snake_entry_guardpost_medium,
          beast_lair_carwin_6
Lair:5:   slime_altar_2
Lair:6:   minmay_lair_end_frog_pond
Shoals:1: argonaut_gorgonesque, uniq_kirke
Shoals:2: nicolae_shoals_seven_spires
Shoals:3: nicolae_shoals_stone_sculpture_thing
Shoals:4: shoals_end_simple, shoals_ilsuiw_alternative, nicolae_shoals_loop_pool
Snake:1:  serial_shops, shop, uniq_aizul, uniq_rupert, uniq_asterion
Snake:2:  nicolae_coiled_stairwell_up
Snake:3:  uniq_azrael, uniq_louise, uniq_bai_suzhen
Snake:4:  snake_pit, serial_shops, shop, nicolae_shop_overgrown_old_shop,
          nicolae_shop_stone, nicolae_shop_statue_plus, st_stairs_6,
          spider_trap, uniq_vashnia
Slime:1:  cheibrodos_slime_lost_civilization_4
Slime:2:  cheibrodos_slime_lost_civilization_6
Orc:1:    trog_hazing_becter
Orc:2:    grunt_orc_cross, basic_altar
Elf:1:    eino_elf_arrival_shootout, hangedman_corner_corridor,
          nicolae_elf_big_sculpture_1
Elf:2:    serial_shops, nicolae_shop_waterfront, nicolae_shop_waterfront,
          nicolae_shop_statue_plus, uniq_saint_roka
Vaults:1: nicolae_vaults_little_squares_5, ontoclasm_vaults_chip,
          nicolae_vaults_big_ls, grunt_vaults_twisty, vaults_dpeg_cross,
          ontoclasm_vaults_gateway, uniq_nikola
Vaults:2: vaults_mumra_chevron_long, nicolae_vaults_display_case,
          vaults_mumra_lcd, blue_anna_dwarven_crypt, v_rooms_4,
          vaults_room_boxed, v_alt_pattern_2, v_misc_3, serial_glass
Vaults:3: v_misc_13, vaults_standard_mumra_lines, v_misc_9,
          dpeg_vaults_monster_row, v_misc_5, nicolae_vaults_border_crossing,
          ontoclasm_vaults_ring_small, nicolae_vaults_mini_display_case,
          uniq_mennas, uniq_jory
Vaults:4: nicolae_vaults_little_squares_2, nicolae_vaults_twisting_passages,
          ontoclasm_vaults_pinch, st_check, vaults_mumra_chevron, v_misc_11,
          v_misc_18, nicolae_vaults_ninety_degrees, vaults_room_pool,
          serial_ice_m, ontoclasm_vaults_spin, serial_shops, shop, shop,
          uniq_margery
Vaults:5: serial_shops
Depths:1: hell_entry, serial_bayou, serial_bayou_pond_c, serial_bayou_pond_d,
          serial_bayou_shore_a, serial_bayou_lake_a, minmay_hidden_floor
Depths:2: evilmike_lava_path, hell_entry, serial_sigils_hangedman_clutch,
          uniq_sojobo
Depths:3: radiant_caverns_b_rkd, pan_entry, hell_entry
Depths:4: kennysheep_ambush_hall, rand_demon_pan_entry_8, hell_entry,
          minmay_misc_feat_enclosed, abyss_entry
Depths:5: grunt_zot_entry_tricorne, grunt_hell_entry_dis_mu, abandoned_shop,
          serial_shops, shop, serial_bayou_shore_b
Lab:      labyrinth_mini_lab, nicolae_lab_blocks, nicolae_lab_quarters,
          nicolae_lab_hexagon, nicolae_lab_arrow, nicolae_lab_flowing_pool,
          nicolae_lab_plus, labyrinth_glass_1, nicolae_lab_statue,
          nicolae_lab_very_dead_end, nicolae_lab_x, lab_fountain
IceCv:    ice_cave_small_dragons
Volcano:  kennysheep_volcano_temple

Skill      XL: |  1  2  3  4  5  6  7  8  9 10 11 12 13 14 15 16 17 18 19 20 21 22 23 24 25 26 27 |
---------------+----------------------------------------------------------------------------------+-----
Maces & Flails | 3 4 6 7 8 9 10 11 12 13 14 15 | 15.7
Dodging        | 1 3 4 5 6 7 8 9 10 11 12 13 14 | 14.0
Invocations    | 3 4 5 7 8 9 |  9.0
Fighting       | 4 5 7 8 9 10 11 12 14 15 17 19 20 21 22 24 25 26 27 | 27.0
Armour         | 4 5 6 8 9 10 11 12 13 14 15 16 17 18 | 18.0
Shields        | 4 5 6 8 9 10 11 12 13 14 15 | 15.0
Crossbows      | 3 5 |  5.0
Axes           | 4 |  4.4
Earth Magic    | 4 7 8 9 11 12 | 12.0
Summonings     | 2 5 |  5.0
Conjurations   | 3 6 7 9 10 11 13 | 13.0
Translocations | 2 5 |  5.0
Spellcasting   | 2 5 6 7 8 9 |  9.0
Poison Magic   | 3 |  3.2
Air Magic      | 2 3 |  3.0
Fire Magic     | 3 6 8 10 | 10.0
Stealth        | 2 |  2.4

Action                   |  1- 3 |  4- 6 |  7- 9 | 10-12 | 13-15 | 16-18 | 19-21 | 22-24 | 25-27 || total
-------------------------+-------+-------+-------+-------+-------+-------+-------+-------+-------++-------
Melee: Flail             |    97 |   143 |   506 |  1211 |   818 |       |       |       |       ||  2775
       Morningstar       |       |       |       |       |  1341 |  1750 |  2263 |  1991 |  1916 ||  9261
       Broad axe         |       |       |       |       |   108 |       |       |       |       ||   108
 Fire: Hand crossbow     |       |       |       |       |    16 |       |       |     1 |       ||    17
 Cast: Stone Arrow       |       |       |       |       |       |       |     6 |    49 |    46 ||   101
       Magic Dart        |       |       |       |       |       |       |       |    15 |     7 ||    22
       Mephitic Cloud    |       |       |       |       |       |       |       |    10 |     5 ||    15
       Summon Butterflie |       |       |       |       |       |       |       |     2 |       ||     2
       Fireball          |       |       |       |       |       |       |       |       |    16 ||    16
       Bolt of Magma     |       |       |       |       |       |       |       |       |    13 ||    13
       Iron Shot         |       |       |       |       |       |       |       |       |     2 ||     2
       Blink             |       |       |       |       |       |       |       |       |     2 ||     2
Invok: Heroism           |       |       |     5 |    21 |    24 |     8 |    10 |    17 |     2 ||    87
       Finesse           |       |       |       |     4 |     9 |     4 |     2 |     9 |     1 ||    29
       Divine Shield     |       |       |       |       |       |       |       |       |     1 ||     1
 Abil: Fly               |       |       |       |       |     2 |       |       |       |       ||     2
       Stop Flying       |       |       |       |       |     1 |       |       |       |       ||     1
Evoke: Wand              |       |       |       |       |     1 |       |       |       |       ||     1
  Use: Potion            |     2 |       |     2 |     2 |     5 |     4 |       |     4 |    18 ||    37
       Scroll            |       |       |    13 |     8 |    13 |     7 |     7 |    15 |    13 ||    76
 Stab: Petrified         |       |       |       |       |     2 |     5 |       |       |       ||     7
       Confused          |       |       |       |       |       |       |       |     1 |     3 ||     4
       Distracted        |       |       |       |       |       |       |       |     1 |       ||     1
  Eat: Chunk             |       |     3 |    11 |    25 |    44 |    24 |    48 |    50 |    36 ||   241
       Fruit             |       |       |       |     1 |     2 |     7 |     1 |       |     6 ||    17
       Meat ration       |       |       |       |       |       |     1 |       |       |     1 ||     2
       Royal jelly       |       |       |       |       |       |     1 |       |       |     1 ||     2
Armor: Scale mail        |    68 |    76 |   210 |    97 |   497 |       |   136 |    39 |       ||  1123
       Chain mail        |       |       |       |   292 |   156 |   718 |   546 |   663 |   639 ||  3014
       Skin              |       |       |       |       |       |       |     1 |       |       ||     1
Dodge: Dodged            |    39 |    46 |   117 |   278 |   544 |   535 |   718 |   890 |   736 ||  3903
Block: Shield            |    40 |    67 |   219 |   678 |  1066 |  1620 |  1786 |  1408 |  1327 ||  8211
       Reflection        |       |       |     3 |     7 |    53 |   258 |   194 |   128 |   107 ||   750
       Large shield      |       |       |       |       |   762 |   158 |       |       |       ||   920
